BR (22 & UNDER)
FORT COLLINS COMMONERS @ LOGAN SWANS
07/11/2029
 
TOP OF THE 1ST
Fort Collins Commoners batting - Pitching for Logan Swans : RHP Emílio Valdés
Pitching: RHP Emílio Valdés
Batting: LHB Matt Taylor 0-0: Ball
1-0: Ball
2-0: Foul Ball, location: 2F
2-1: Swinging Strike
2-2: Foul Ball, location: 2F
2-2: Foul Ball, location: 2F
2-2: Foul Ball, location: 2F
2-2: Foul Ball, location: 2F
2-2: Strikes out swinging
Batting: RHB António Rodríguez 0-0: Ground out 5-3 (Groundball, 5S)
Batting: RHB António Díaz 0-0: Ball
1-0: Foul Ball, location: 2F
1-1: Called Strike
1-2: Ground out 5-3 (Groundball, 5)
Top of the 1st over - 0 runs, 0 hits, 0 errors, 0 left on base; Fort Collins 0 - Logan 0
BOTTOM OF THE 1ST
Logan Swans batting - Pitching for Fort Collins Commoners : RHP Sam Faulkner
Pitching: RHP Sam Faulkner
Batting: LHB Bob Coztana 0-0: Ball
1-0: Ball
2-0: Foul Ball, location: 2F
2-1: Ball
3-1: Foul Ball, location: 2F
3-2: Foul Ball, location: 2F
3-2: Strikes out swinging
Batting: SHB Francisco García 0-0: Ball
1-0: SINGLE (Flyball, 7S)
Batting: LHB Francisco Ríos 0-0: Called Strike
0-1: Foul Ball, location: 2F
0-2: Foul Ball, location: 2F
0-2: Ball
1-2: Fly out, F9 (Flyball, 9S)
Batting: RHB Lawrence Ware 0-0: Ball
Francisco García steals 2nd base
1-0: Ground out 4-3 (Groundball, 4)
Bottom of the 1st over - 0 runs, 1 hit, 0 errors, 1 left on base; Fort Collins 0 - Logan 0
TOP OF THE 2ND
Fort Collins Commoners batting - Pitching for Logan Swans : RHP Maurício Rodríguez
Pitching: RHP Maurício Rodríguez
Batting: RHB Nick McIntyre 0-0: Ball
1-0: Foul Ball, location: 2F
1-1: Foul Ball, location: 2F
1-2: Ground out 1-3 (Groundball, 15S)
Batting: LHB Joe Hanson 0-0: Ground out 4-3 (Groundball, 4M)
Batting: RHB Tom McBride 0-0: Foul Ball, location: 2F
0-1: Ball
1-1: Ball
2-1: Fly out, F2 (Popup, 25F)
Top of the 2nd over - 0 runs, 0 hits, 0 errors, 0 left on base; Fort Collins 0 - Logan 0
BOTTOM OF THE 2ND
Logan Swans batting - Pitching for Fort Collins Commoners : RHP Sam Faulkner
Batting: RHB Jeremy Camanho 0-0: Ball
1-0: Ground out 5-3 (Groundball, 5)
Batting: RHB Jesús Farías 0-0: Ball
1-0: Swinging Strike
1-1: Ball
2-1: Foul Ball, location: 2F
2-2: Ball
3-2: Foul Ball, location: 2F
3-2: Ground out 4-3 (Groundball, 4)
Batting: RHB Joe Meads 0-0: Called Strike
0-1: Ball
1-1: SINGLE (Groundball, 6M) (infield hit)
Batting: LHB Yuan-zhang Ge 0-0: Ball
1-0: Ball
2-0: Ball
3-0: Called Strike
3-1: DOUBLE (Line Drive, 78D)
Joe Meads to third
Runner from 3rd tries for Home, SAFE, no throw
Batting: RHB Luis Martínez 0-0: Called Strike
0-1: Ball
1-1: Ground out 6-3 (Groundball, 6S)
Bottom of the 2nd over - 1 run, 2 hits, 0 errors, 1 left on base; Fort Collins 0 - Logan 1
TOP OF THE 3RD
Fort Collins Commoners batting - Pitching for Logan Swans : RHP Maurício Rodríguez
Batting: RHB Edward Green 0-0: Ball
1-0: SINGLE (Line Drive, 7LS)
Batting: RHB Ron Moore 0-0: SINGLE (Groundball, 6MD)
Edward Green to second
Batting: RHB Bobby Doyle 0-0: Ball
1-0: Ball
2-0: Ball
3-0: Base on Balls
Edward Green to third
Ron Moore to second
Batting: LHB Matt Taylor 0-0: Ball
1-0: Ball
2-0: Ball
3-0: Base on Balls
Edward Green scores
Ron Moore to third
Bobby Doyle to second
Batting: RHB António Rodríguez 0-0: Ball
1-0: Called Strike
1-1: Ball
2-1: Foul Ball, location: 2F
2-2: Grounds into double play, 6-4-3 (Groundball, 56)
Ron Moore scores
Bobby Doyle to third
Batting: RHB António Díaz 0-0: Foul Ball, location: 2F
0-1: Ball
1-1: Ball
2-1: Fly out, F8 (Flyball, 8LS)
Top of the 3rd over - 2 runs, 2 hits, 0 errors, 1 left on base; Fort Collins 2 - Logan 1
BOTTOM OF THE 3RD
Logan Swans batting - Pitching for Fort Collins Commoners : RHP Sam Faulkner
Batting: LHB Bob Coztana 0-0: Ball
1-0: Ball
2-0: Ball
3-0: Foul Ball, location: 2F
3-1: SINGLE (Groundball, 5L) (infield hit)
Batting: SHB Francisco García 0-0: Ball
Bob Coztana steals 2nd base
1-0: Foul Ball, location: 2F
1-1: Ball
2-1: Swinging Strike
2-2: Ball
3-2: Ground out 4-3 (Groundball, 4)
Bob Coztana to third
Batting: LHB Francisco Ríos 0-0: Reached on error, E4 (Groundball, 4)
Bob Coztana scores
Batting: RHB Lawrence Ware 0-0: Swinging Strike
0-1: Called Strike
0-2: Ball
1-2: Ball
2-2: SINGLE (Line Drive, 4D)
Francisco Ríos to third
Runner from 3rd tries for Home, SAFE, no throw
Batting: RHB Jeremy Camanho 0-0: Foul Ball, location: 2F
0-1: Fly out, F6 (Line Drive, 6)
Batting: RHB Jesús Farías 0-0: Ball
1-0: Ground out 6-3 (Groundball, 6)
Bottom of the 3rd over - 2 runs, 2 hits, 1 error, 1 left on base; Fort Collins 2 - Logan 3
TOP OF THE 4TH
Fort Collins Commoners batting - Pitching for Logan Swans : RHP Maurício Rodríguez
Batting: RHB Nick McIntyre 0-0: Ball
1-0: Ball
2-0: Swinging Strike
2-1: Called Strike
2-2: SINGLE (Flyball, 89S)
Batting: LHB Joe Hanson 0-0: Called Strike
0-1: Ball
Passed Ball!
Nick McIntyre to second
1-1: Foul Ball, location: 2F
1-2: Ball
2-2: Fly out, F9 (Flyball, 9LM)
Batting: RHB Tom McBride 0-0: Foul Ball, location: 2F
0-1: Ball
1-1: Called Strike
1-2: Ground out 5-3 (Groundball, 56S)
Nick McIntyre to third
Batting: RHB Edward Green 0-0: Fly out, F9 (Flyball, 9)
Top of the 4th over - 0 runs, 1 hit, 0 errors, 1 left on base; Fort Collins 2 - Logan 3
BOTTOM OF THE 4TH
Logan Swans batting - Pitching for Fort Collins Commoners : RHP Sam Faulkner
Batting: RHB Joe Meads 0-0: Called Strike
0-1: Bunt for hit - play at first, batter OUT! 3-4
Batting: LHB Yuan-zhang Ge 0-0: DOUBLE (Flyball, 9D)
Batting: RHB Luis Martínez 0-0: Foul Ball, location: 2F
0-1: Ball
1-1: Swinging Strike
1-2: Strikes out swinging
Batting: LHB Bob Coztana 0-0: SINGLE (Groundball, 25) (infield hit)
Yuan-zhang Ge to third
Batting: SHB Francisco García 0-0: Hit by Pitch
Bob Coztana to second
Pinch Runner at 1st Ricardo Manegdeg:
Batting: LHB Francisco Ríos 0-0: Ball
1-0: Swinging Strike
1-1: Ball
2-1: Fly out, F8 (Flyball, 8RD)
Bottom of the 4th over - 0 runs, 2 hits, 0 errors, 3 left on base; Fort Collins 2 - Logan 3
TOP OF THE 5TH
Fort Collins Commoners batting - Pitching for Logan Swans : RHP Maurício Rodríguez
Now in LF: Ricardo Manegdeg
Batting: RHB Ron Moore 0-0: Called Strike
0-1: Swinging Strike
0-2: Strikes out swinging
Batting: RHB Bobby Doyle 0-0: Fly out, F8 (Flyball, 78D)
Batting: LHB Matt Taylor 0-0: Ball
1-0: Foul Ball, location: 2F
1-1: Ball
2-1: Single, Error in OF, E9, batter to second base
Batting: RHB António Rodríguez 0-0: Ball
1-0: Fly out, F7 (Line Drive, 7LD)
Top of the 5th over - 0 runs, 1 hit, 1 error, 1 left on base; Fort Collins 2 - Logan 3
BOTTOM OF THE 5TH
Logan Swans batting - Pitching for Fort Collins Commoners : RHP Sam Faulkner
Batting: RHB Lawrence Ware 0-0: Ball
1-0: Called Strike
1-1: Foul Ball, location: 2F
1-2: Strikes out swinging
Batting: RHB Jeremy Camanho 0-0: Called Strike
0-1: Foul Ball, location: 2F
0-2: Ball
1-2: Foul Ball, location: 2F
1-2: Ball
2-2: DOUBLE (Line Drive, 7D)
Batting: RHB Jesús Farías 0-0: Ball
1-0: Swinging Strike
1-1: Ball
2-1: Foul Ball, location: 2F
2-2: Ground out 6-3 (Groundball, 6)
Batting: RHB Joe Meads 0-0: Ball
1-0: SINGLE (Line Drive, 7LS)
Jeremy Camanho to third
Runner from 3rd tries for Home, SAFE, no throw
Batting: LHB Yuan-zhang Ge 0-0: Ball
1-0: Ball
2-0: Fielders Choice at 2nd, 5-4 (Groundball, 5)
Bottom of the 5th over - 1 run, 2 hits, 0 errors, 1 left on base; Fort Collins 2 - Logan 4
TOP OF THE 6TH
Fort Collins Commoners batting - Pitching for Logan Swans : RHP Maurício Rodríguez
Batting: RHB António Díaz 0-0: Called Strike
0-1: Ball
1-1: Ball
2-1: Ball
3-1: Base on Balls
Pitching: LHP Michael Dean
Batting: RHB Nick McIntyre 0-0: Fly out, F5 (Line Drive, 56)
Batting: LHB Joe Hanson 0-0: Swinging Strike
0-1: Swinging Strike
0-2: Ball
1-2: Foul Ball, location: 2F
1-2: Ball
2-2: Ball
3-2: Strikes out looking
António Díaz is caught stealing 2nd base
Batter strikes out.
Top of the 6th over - 0 runs, 0 hits, 0 errors, 0 left on base; Fort Collins 2 - Logan 4
BOTTOM OF THE 6TH
Logan Swans batting - Pitching for Fort Collins Commoners : RHP Sam Faulkner
Pitching: LHP Elroy Bunch
Batting: RHB Luis Martínez 0-0: Ball
1-0: Foul Ball, location: 2F
1-1: Hit by Pitch
Batting: LHB Bob Coztana 0-0: Ball
1-0: SINGLE (Line Drive, 78M)
Luis Martínez to second
Batting: RHB Ricardo Manegdeg 0-0: Ball
1-0: Ball
2-0: Ball
3-0: Called Strike
3-1: SINGLE (Line Drive, 7S)
Luis Martínez to third
Bob Coztana to second
Batting: LHB Francisco Ríos 0-0: Called Strike
0-1: Ball
1-1: Foul Ball, location: 2F
1-2: Ball
2-2: Ground out 4-3 (Groundball, 4S)
Luis Martínez scores
Bob Coztana to third
Ricardo Manegdeg to second
Batting: RHB Lawrence Ware 0-0: Intentional Walk
Batting: RHB Jeremy Camanho 0-0: Fly out, F7 (Line Drive, 7S)
Throwing error, E7
Bob Coztana scores
Ricardo Manegdeg to third
Lawrence Ware to second
Pitching: LHP Paul Carson
Batting: RHB Jesús Farías 0-0: Ball
1-0: Ball
2-0: Ball
3-0: Base on Balls
Batting: RHB Joe Meads 0-0: Ball
1-0: Fly out, F8 (Flyball, 8RM)
Bottom of the 6th over - 2 runs, 2 hits, 1 error, 3 left on base; Fort Collins 2 - Logan 6
TOP OF THE 7TH
Fort Collins Commoners batting - Pitching for Logan Swans : LHP Michael Dean
Batting: RHB Tom McBride 0-0: Called Strike
0-1: Ball
1-1: Foul Ball, location: 2F
1-2: Ball
2-2: Ball
3-2: SINGLE (Line Drive, 56)
Batting: RHB Edward Green 0-0: Called Strike
0-1: Ball
1-1: Ball
2-1: Called Strike
2-2: Strikes out swinging
Batting: RHB Ron Moore 0-0: Ball
1-0: Ball
2-0: Called Strike
2-1: SINGLE (Groundball, 3S) (infield hit)
Tom McBride to second
Batting: RHB Bobby Doyle 0-0: Ball
1-0: Called Strike
1-1: Swinging Strike
1-2: Strikes out swinging
Batting: LHB Matt Taylor 0-0: Called Strike
0-1: Ground out U3 (Groundball, 3L)
Top of the 7th over - 0 runs, 2 hits, 0 errors, 2 left on base; Fort Collins 2 - Logan 6
BOTTOM OF THE 7TH
Logan Swans batting - Pitching for Fort Collins Commoners : LHP Paul Carson
Batting: LHB Yuan-zhang Ge 0-0: Ball
1-0: Foul Ball, location: 2F
1-1: Called Strike
1-2: Ball
2-2: Strikes out swinging
Batting: RHB Luis Martínez 0-0: Called Strike
0-1: Ball
1-1: Ball
2-1: Ball
3-1: Reached on error, E1 (Groundball, 13)
Batting: LHB Bob Coztana 0-0: Ball
1-0: Foul Ball, location: 2F
1-1: SINGLE (Line Drive, 6MD)
Luis Martínez to second
Batting: RHB Ricardo Manegdeg 0-0: Foul Ball, location: 2F
0-1: Ball
1-1: Ball
2-1: Called Strike
2-2: Foul Ball, location: 2F
2-2: Foul Ball, location: 2F
2-2: Strikes out swinging
Batting: LHB Francisco Ríos 0-0: Ball
1-0: Ball
2-0: Called Strike
2-1: Fly out, F8 (Flyball, 78M)
Bottom of the 7th over - 0 runs, 1 hit, 1 error, 2 left on base; Fort Collins 2 - Logan 6
TOP OF THE 8TH
Fort Collins Commoners batting - Pitching for Logan Swans : LHP Michael Dean
Batting: RHB António Rodríguez 0-0: Called Strike
0-1: Called Strike
0-2: Foul Ball, location: 2F
0-2: Strikes out swinging
Batting: RHB António Díaz 0-0: SINGLE (Line Drive, 6)
Batting: RHB Nick McIntyre 0-0: Ball
1-0: Called Strike
1-1: Foul Ball, location: 2F
1-2: Strikes out swinging
Batting: LHB Joe Hanson 0-0: Fly out, F8 (Flyball, 8LD)
Top of the 8th over - 0 runs, 1 hit, 0 errors, 1 left on base; Fort Collins 2 - Logan 6
BOTTOM OF THE 8TH
Logan Swans batting - Pitching for Fort Collins Commoners : LHP Paul Carson
Batting: RHB Lawrence Ware 0-0: Ball
1-0: Called Strike
1-1: Called Strike
1-2: Ball
2-2: Ball
3-2: SINGLE (Line Drive, 89M)
Batting: RHB Jeremy Camanho 0-0: Ball
1-0: Swinging Strike
1-1: Foul Ball, location: 2F
1-2: Ball
2-2: DOUBLE (Flyball, 8RD)
Lawrence Ware to third
Batting: RHB Jesús Farías 0-0: Ground out 5-3 (Groundball, 25)
Batting: RHB Joe Meads 0-0: Intentional Walk
Batting: LHB Yuan-zhang Ge 0-0: SINGLE (Groundball, 4MD)
Lawrence Ware scores
Jeremy Camanho to third
Joe Meads to second
Runner from 3rd tries for Home, SAFE, no throw
Batting: RHB Luis Martínez 0-0: Swinging Strike
0-1: Ball
1-1: Ball
Wild Pitch!
Joe Meads to third
Yuan-zhang Ge to second
2-1: Fly out, F4 (Line Drive, 4)
Now at 2B: Sherman Cummings
Batting: LHB Bob Coztana 0-0: Ball
1-0: Ball
2-0: Foul Ball, location: 2F
2-1: Ball
3-1: Base on Balls
Batting: RHB Ricardo Manegdeg 0-0: Called Strike
0-1: Ball
1-1: Ground out 5-3 (Groundball, 5S)
Bottom of the 8th over - 2 runs, 3 hits, 0 errors, 3 left on base; Fort Collins 2 - Logan 8
TOP OF THE 9TH
Fort Collins Commoners batting - Pitching for Logan Swans : LHP Michael Dean
Now at 1B: Gilberto Macías
Now at 3B: Víctor Cuevas
Batting: RHB Tom McBride 0-0: SOLO HOME RUN (Flyball, 7LD), Distance : 372 ft
Batting: RHB Edward Green 0-0: Ball
1-0: Ball
2-0: Foul Ball, location: 2F
2-1: Foul Ball, location: 2F
2-2: Ball
3-2: Reached on error, E5 (Groundball, 56)
Batting: RHB Ron Moore 0-0: Called Strike
0-1: Called Strike
0-2: Strikes out swinging
Batting: RHB Sherman Cummings 0-0: DOUBLE (Line Drive, 7LD)
Edward Green scores
Batting: LHB Matt Taylor 0-0: Called Strike
0-1: Ball
1-1: Ball
2-1: Ground out 5-3 (Groundball, 56)
Batting: RHB António Rodríguez 0-0: Swinging Strike
0-1: Ball
1-1: Ball
2-1: Swinging Strike
2-2: Strikes out swinging, 2-3 out at first.
Top of the 9th over - 2 runs, 2 hits, 1 error, 1 left on base; Fort Collins 4 - Logan 8
Saturday, December 16th, 2017 - OOTP Baseball 18.8 Build 76